 Dungeon Crawl Stone Soup version 0.20.0-3-g22ec75f (webtiles) character file.

623 Manul the Sneak (level 7, -2/35 HPs)
             Began as a Spriggan Assassin on May 27, 2017.
             Was a Follower of Uskayaw.
             Slain by a gnoll
             ... wielding a +0 flail
              (9 damage)
             ... on level 8 of the Dungeon.
             The game lasted 00:19:00 (9334 turns).

Manul the Sneak (Spriggan Assassin)                 Turns: 9334, Time: 00:19:00

Health: -2/35      AC:  4    Str:  7    XL:     7   Next: 22%
Magic:  3/10       EV: 23    Int: 12    God:    Uskayaw [*.....]
Gold:   178        SH:  0    Dex: 26    Spells: 6/6 levels left

rFire    . . .     SeeInvis +   t - -2 short sword (curse)
rCold    . . .     Gourm    .   (shield restricted)
rNeg     . . .     Faith    .   c - +0 robe
rPois    .         Spirit   .   (helmet restricted)
rElec    .         Reflect  .   d - +1 cloak
rCorr    .         Harm     .   (gloves unavailable)
MR       +....                  (boots unavailable)
Stlth    ++++......             (no amulet)
Regen    0.2/turn               A - ring "Tyshrafown" {Dex+6 Stlth+}
MPRegen  0.2/turn               o - ring of loudness (curse)

@: very quick
A: unfitting armour, see invisible, herbivore 3, speed 3, slow metabolism 2
a: Stomp, Renounce Religion


You were on level 8 of the Dungeon.
You worshipped Uskayaw.
Uskayaw was noncommittal.
You were hungry.

You visited 2 branches of the dungeon, and saw 10 of its levels.

You collected 370 gold pieces.
You spent 192 gold pieces at shops.

Inventory:

Hand Weapons
 a - a +2 dagger
 b - a +0 blowgun
 t - a cursed -2 short sword (weapon)
 v - a +0 antimagic trident
Missiles
 e - 6 poisoned needles
 E - 7 needles of paralysis
Armour
 c - a +0 robe (worn)
 d - a +1 cloak (worn)
Jewellery
 i - an uncursed ring of positive energy
 j - an uncursed ring of flight
 o - a cursed ring of loudness (right hand)
 A - the ring "Tyshrafown" (left hand) {Dex+6 Stlth+}
   (You bought it in a shop on level 5 of the Dungeon)

   [ring of stealth]

   It affects your dexterity (+6).
   It makes you more stealthy.
Wands
 f - a wand of flame (0/48)
 q - a wand of enslavement (0/24)
 u - a wand of flame (0/48)
 y - a wand of digging (10/24)
 B - a wand of disintegration (0/24)
 G - a wand of digging (12/24)
Scrolls
 s - 3 scrolls of magic mapping
 w - a scroll of enchant armour
 x - 2 scrolls of teleportation
Potions
 h - a potion of flight {unknown}
 k - 2 potions of ambrosia {unknown}
 l - a potion of heal wounds
 m - a potion of resistance
 n - 2 potions of haste
 p - 3 potions of agility
 z - a potion of lignification
 C - a potion of magic {unknown}
Comestibles
 g - 4 bread rations
 r - 3 fruits
 D - a royal jelly


   Skills:
 + Level 2.2 Fighting
 + Level 4.6 Short Blades
 + Level 2.6 Throwing
 + Level 5.4 Dodging
 + Level 7.6 Stealth
 * Level 3.4 Invocations
 + Level 1.1 Evocations


You had 6 spell levels left.
You didn't know any spells.

Dungeon Overview and Level Annotations

Branches:
Dungeon (9/15)             Temple (1/1) D:4
   Lair: D:8-11         Orc: D:9-12

Altars:
Cheibriados
Fedhas
Kikubaaqudgha
Makhleb
Qazlal
Ru
Trog
Uskayaw
Yredelemnul
Zin
The Shining One

Shops:
D:5 !*

Annotations:
D:3 Eustachio
D:4 Grinder, Menkaure, Robin
D:5 Sigmund


Innate Abilities, Weirdness & Mutations

You are very small and have problems with some larger weapons.
You are too small for most types of armour.
You have supernaturally acute eyesight. (SInv)
You are a herbivore.
You cover ground extremely quickly.
You need consume almost no food.


Message History

The gnoll barely misses you. The gnoll misses you.
The gnoll completely misses you.
You hit the gnoll but do no damage.
The gnoll is heavily wounded.
The gnoll barely misses you. x2; The gnoll completely misses you.
Unknown command.
You closely miss the gnoll.
The gnoll is heavily wounded.
The porcupine misses you. The gnoll completely misses you.
The gnoll misses you.
The orc wizard casts a spell.
The orc wizard blinks!
The gnoll hits you from afar with a spear.
* * * LOW HITPOINT WARNING * * *
You hit the gnoll but do no damage.
The gnoll is heavily wounded.
The orc wizard gestures wildly while chanting.
The orc wizard blinks!
The porcupine closely misses you. The gnoll hits you with a flail!
You die...

##..........##....(###
#...........##....>+
#......#######.....# #
#......# #.....#
#......# #.....#
#...§§o# #######
#....r.# ###...gr.#
..o..rg@.# ..[..gg###
...###. ... +. . ##


You could see 2 porcupines, 2 orc wizards, 4 gnolls and a quokka.

Vanquished Creatures
  A sky beast (D:5)
  A bullfrog (D:6)
  A crimson imp (D:3)
  A centaur skeleton (D:6)
  A hound (D:4)
  Jessica (D:2)
  An iguana (D:5)
  Natasha (thrice) (D:2)
  2 worker ants
  9 adders
  4 gnolls (D:3)
  A worm (D:2)
  5 orcs
  11 bats
  3 giant cockroaches
  7 hobgoblins
  7 jackals
  4 quokkas
  5 frilled lizards
  11 goblins
  4 kobolds (D:3)
  2 quokka skeletons
  6 rats
91 creatures vanquished.

Vanquished Creatures (others)
  3 bushes (D:8)
  A fungus (D:8)
  15 plants (D:8)
19 creatures vanquished.

Grand Total: 110 creatures vanquished

Notes
Turn   | Place    | Note
-------+----------+-------------------------------------------
     0 | D:1      | Manul the Spriggan Assassin began the quest for the Orb.
     0 | D:1      | Reached XP level 1. HP: 10/10 MP: 2/2
   123 | D:1      | Found a glowing golden altar of the Shining One.
   150 | D:1      | Reached skill level 6 in Stealth
   446 | D:1      | Reached XP level 2. HP: 12/15 MP: 3/3
  1477 | D:2      | Reached XP level 3. HP: 18/18 MP: 4/4
  1948 | D:2      | Noticed Jessica
  1957 | D:2      | Killed Jessica
  1957 | D:2      | Reached XP level 4. HP: 23/23 MP: 5/5
  1963 | D:2      | Found a hide-covered altar of Uskayaw.
  1978 | D:2      | Became a worshipper of Uskayaw the Reveler
  1986 | D:2      | Reached * piety under Uskayaw
  1988 | D:2      | Reached skill level 7 in Stealth
  2217 | D:2      | Noticed Natasha
  2230 | D:2      | Reached ** piety under Uskayaw
  2265 | D:2      | Killed Natasha
  2273 | D:2      | Noticed Natasha
  2282 | D:2      | Killed Natasha
  2282 | D:2      | Reached XP level 5. HP: 18/26 MP: 6/6
  2354 | D:2      | Found a snail-covered altar of Cheibriados.
  2367 | D:2      | Noticed Natasha
  2375 | D:2      | Killed Natasha
  2375 | D:2      | Reached skill level 1 in Invocations
  2958 | D:3      | Reached *** piety under Uskayaw
  2970 | D:3      | Reached **** piety under Uskayaw
  3035 | D:2      | HP: 1/26 [poisoned by a worker ant]
  3665 | D:3      | Reached XP level 6. HP: 30/30 MP: 8/8
  4641 | D:4      | Noticed Menkaure
  4719 | D:4      | Noticed Grinder
  4746 | D:4      | Noticed a slave
  4787 | D:4      | Noticed Eustachio
  4789 | D:4      | Noticed Robin
  5463 | D:5      | Entered Level 5 of the Dungeon
  5596 | D:5      | Noticed a sky beast
  5817 | D:5      | Noticed Sigmund
  6172 | D:4      | Found a staircase to the Ecumenical Temple.
  6178 | Temple   | Entered the Ecumenical Temple
  6312 | D:5      | Found Worrom's Assorted Antiques.
  6329 | D:5      | Noticed a wraith
  6353 | D:5      | Bought a flickering steel ring for 160 gold pieces
  6353 | D:5      | Bought a scroll labeled FYTSAY SOKKATU for 32 gold pieces
  6409 | D:6      | Noticed an ice beast
  6477 | D:6      | Identified the ring "Tyshrafown" {Dex+6 Stlth+} (You bought it in a shop on level 5 of the Dungeon)
  7059 | D:5      | Found Rienn's Distillery.
  7131 | D:5      | Killed a sky beast
  7131 | D:5      | Reached skill level 5 in Dodging
  7131 | D:5      | Reached skill level 1 in Evocations
  7131 | D:5      | Reached XP level 7. HP: 24/35 MP: 10/10
  7556 | D:8      | Noticed a basilisk
  7556 | D:8      | Noticed a basilisk
  7557 | D:8      | Noticed a yak
  7558 | D:8      | Noticed a yak
  7650 | D:9      | Noticed a yak
  7938 | D:6      | Found an ancient bone altar of Kikubaaqudgha.
  9102 | D:9      | Noticed a yak
  9102 | D:9      | Noticed a yak
  9102 | D:9      | Noticed a yak
  9102 | D:9      | Noticed a yak
  9102 | D:9      | Noticed a yak
  9234 | D:9      | Noticed a yak
  9239 | D:9      | Noticed a yak
  9249 | D:9      | Noticed a troll
  9252 | D:9      | Noticed a centaur warrior
  9252 | D:9      | Noticed a cyan ugly thing
  9293 | D:8      | Noticed a two-headed ogre
  9334 | D:8      | Slain by a gnoll

Skill      XL: |  1  2  3  4  5  6 |
---------------+-------------------+-----
Stealth        | 6 7 |  7.6
Dodging        | 2 3 4 5 |  5.4
Short Blades   | 3 4 |  4.6
Invocations    | 2 3 |  3.4
Fighting       | 2 |  2.2
Evocations     | 1 |  1.1
Throwing       | |  2.6

Action                   |  1- 3 |  4- 6 |  7- 9 || total
-------------------------+-------+-------+-------++-------
Melee: Dagger            |   136 |   228 |       ||   364
       Short sword       |       |   191 |   134 ||   325
 Fire: Blowgun           |    15 |     9 |       ||    24
Evoke: Wand              |       |    28 |     4 ||    32
  Use: Scroll            |     1 |     8 |     4 ||    13
       Potion            |       |     5 |       ||     5
 Stab: Sleeping          |     5 |    12 |     1 ||    18
       Paralysed         |       |     1 |       ||     1
  Eat: Bread ration      |       |     1 |       ||     1
Armor: Robe              |    36 |    46 |    10 ||    92
Dodge: Dodged            |   149 |   440 |   164 ||   753
